 Dungeon Crawl Stone Soup version 0.24.1 (webtiles) character file.

Game seed: 6303144560404099753, levelgen mode: deterministic

567177 Jabu the Conqueror (level 25, -8/257 HPs)
             Began as a Minotaur Fighter on Mar 25, 2020.
             Was the Champion of Okawaru.
             Mangled by an acid blob (27 damage)
             ... on level 5 of the Pits of Slime on Mar 26, 2020.
             The game lasted 07:14:12 (64944 turns).

Jabu the Conqueror (Minotaur Fighter)              Turns: 64944, Time: 07:14:12

Health: -8/257     AC: 26    Str: 38    XL:     25   Next: 52%
Magic:  28/28      EV: 18    Int: 10    God:    Okawaru [******]
Gold:   4202       SH:  0    Dex: 16    Spells: 24/24 levels left

rFire    + + +     SeeInvis .   b - +10 glaive "Ipufuzue" {chop, rF+ MR+}
rCold    + + +     Gourm    .   (shield currently unavailable)
rNeg     + + .     Faith    .   I - +9 scales of the Dragon King {rPois rF+ rC+ MR+}
rPois    +         Spirit   .   q - +0 hat of Okawaru's Envy {rC++ rN+}
rElec    +         Reflect  .   V - +0 cloak of Lifelessness {rPois rN+ MR+ Stlth+}
rCorr    +         Harm     .   n - +2 pair of gloves of a Hundred Nights {rC++ rCorr Int+3 Dex-3}
MR       ++++.     Rnd*Rage +   r - +0 pair of boots "Ygicos" {rF++ Str+4}
Stlth    ..........             z - amulet "Doloum" {Acrobat Str+7}
HPRegen  0.52/turn              A - ring of Descent {rElec rPois rC++}
MPRegen  0.21/turn              R - ring "Zitechuh" {rF+ rCorr Dex+5}

@: corroded, berserk cooldown, very slightly contaminated, slowed, very slow
A: retaliatory headbutt, horns 2, berserk 1, deterioration 1
}: 3/15 runes: decaying, silver, gossamer
a: Heroism, Finesse, Renounce Religion


You were on level 5 of the Pits of Slime.
You worshipped Okawaru.
Okawaru was exalted by your worship.
You were not hungry.

You visited 10 branches of the dungeon, and saw 50 of its levels.
You also visited: Sewer, Gauntlet, Ice Cave and Wizlab.

You collected 6979 gold pieces.
You spent 2777 gold pieces at shops.

Inventory:

Hand Weapons
 a - the +8 hunting sling "Digoemes" {velocity, rC+ rN++}
   (You found it on level 4 of the Depths)

   Any stone fired from it inflicts extra damage.
   It protects you from cold.
   It greatly protects you from negative energy.
 b - the +10 glaive "Ipufuzue" (weapon) {chop, rF+ MR+}
   (You took it off a yaktaur on level 4 of the Vaults)

   It inflicts extra damage upon your enemies.
   It protects you from fire.
   It affects your resistance to hostile enchantments.
Armour
 n - the +2 pair of gloves of a Hundred Nights (worn) {rC++ rCorr Int+3 Dex-3}
   (You found it on level 3 of the Elven Halls)

   It affects your intelligence (+3).
   It affects your dexterity (-3).
   It greatly protects you from cold.
   It provides partial protection from all sources of acid and corrosion.
 q - the +0 hat of Okawaru's Envy (worn) {rC++ rN+}
   (Okawaru gifted it to you on level 5 of the Vaults)

   It greatly protects you from cold.
   It protects you from negative energy.
 r - the +0 pair of boots "Ygicos" (worn) {rF++ Str+4}
   (You bought it in a shop on level 11 of the Dungeon)

   It affects your strength (+4).
   It greatly protects you from fire.
 I - the +9 scales of the Dragon King (worn) {rPois rF+ rC+ MR+}
   (You found it on level 8 of the Dungeon)

   It protects you from fire.
   It protects you from cold.
   It protects you from poison.
   It affects your resistance to hostile enchantments.
 V - the +0 cloak of Lifelessness (worn) {rPois rN+ MR+ Stlth+}
   (You found it in a wizard's laboratory)

   It protects you from poison.
   It protects you from negative energy.
   It affects your resistance to hostile enchantments.
   It makes you more stealthy.
Jewellery
 z - the amulet "Doloum" (around neck) {Acrobat Str+7}
   (You bought it in a shop on level 10 of the Dungeon)

   [amulet of the acrobat]

   It helps you evade while moving and waiting.
   It affects your strength (+7).
 A - the ring of Descent (left hand) {rElec rPois rC++}
   (You found it on level 3 of the Elven Halls)

   [ring of poison resistance]

   It greatly protects you from cold.
   It insulates you from electricity.
   It protects you from poison.
 R - the ring "Zitechuh" (right hand) {rF+ rCorr Dex+5}
   (You took it off a vault warden on level 5 of the Vaults)

   [ring of resist corrosion]

   It affects your dexterity (+5).
   It protects you from fire.
   It provides partial protection from all sources of acid and corrosion.
Wands
 g - a wand of digging (11)
 k - a wand of flame (41)
 B - a wand of iceblast (65)
 C - a wand of clouds (5)
 F - a wand of paralysis (66)
 H - a wand of disintegration (20)
 N - a wand of acid (29)
 T - a wand of random effects (13)
 U - a wand of polymorph (5)
Scrolls
 h - 17 scrolls of identify
 j - 6 scrolls of enchant armour
 m - 25 scrolls of teleportation
 w - 4 scrolls of blinking
 x - 19 scrolls of remove curse
 y - 2 scrolls of amnesia
 D - 4 scrolls of holy word
 G - a scroll of acquirement
 J - 2 scrolls of fog
 S - 3 scrolls of enchant weapon
 W - a scroll of silence
 X - 4 scrolls of magic mapping
Potions
 d - 10 potions of might
 e - 8 potions of heal wounds
 i - 21 potions of curing
 l - 3 potions of brilliance
 o - 14 potions of flight
 p - 5 potions of mutation
 s - 5 potions of berserk rage
 t - 8 potions of agility
 v - 6 potions of resistance
 K - 2 potions of invisibility
 L - 8 potions of haste
 M - 4 potions of magic
 P - a potion of cancellation
 Q - 6 potions of ambrosia
Miscellaneous
 c - a fan of gales
 E - a phial of floods
Comestibles
 f - 66 rations


   Skills:
 O Level 27 Fighting
   Level 2.0(17.7) Axes
   Level 11.9(12.0) Maces & Flails
 + Level 23.8 Polearms
 - Level 12.0 Slings
 * Level 23.7 Armour
 + Level 15.7 Dodging
   Level 18.7 Shields
   Level 4.0 Necromancy
 - Level 8.0 Invocations
 - Level 2.0 Evocations


You had 24 spell levels left.
You didn't know any spells.
Your spell library contained the following spells:

 Spells                   Type           Power        Failure   Level  Hunger
 Animate Skeleton         Necr           N/A          34%         1    ##.....
 Apportation              Tloc           #.....       88%         1    ##.....
 Confusing Touch          Hex            #.....       88%         1    ##.....
 Corona                   Hex            #......      88%         1    ##.....
 Flame Tongue             Conj/Fire      #....        88%         1    ##.....
 Freeze                   Ice            #...         88%         1    ##.....
 Magic Dart               Conj           #...         88%         1    ##.....
 Sandblast                Erth           #.....       88%         1    ##.....
 Summon Small Mammal      Summ           #...         88%         1    ##.....
 Regeneration             Chrm/Necr      #.........   94%         3    ####...
 Blink                    Tloc           N/A          95%         2    ###....
 Call Imp                 Summ           #.......     95%         2    ###....
 Ensorcelled Hibernation  Hex/Ice        #.....       95%         2    ###....
 Passwall                 Tmut/Erth      #.......     95%         2    ###....
 Poisonous Vapours        Pois/Air       #.....       95%         2    ###....
 Searing Ray              Conj           #.....       95%         2    ###....
 Shroud of Golubria       Chrm/Tloc      #.....       95%         2    ###....
 Slow                     Hex            #.......     95%         2    ###....
 Swiftness                Chrm/Air       #.......     95%         2    ###....
 Throw Flame              Conj/Fire      #.....       95%         2    ###....
 Throw Frost              Conj/Ice       #.....       95%         2    ###....
 Call Canine Familiar     Summ           #.......     99%         3    ####...
 Confuse                  Hex            #.......     99%         3    ####...
 Conjure Flame            Conj/Fire      #.......     99%         3    ####...
 Dazzling Spray           Conj/Hex       #.....       99%         3    ####...
 Gell's Gravitas          Tloc           #.........   99%         3    ####...
 Ignite Poison            Fire/Tmut/Pois #.......     99%         3    ####...
 Inner Flame              Hex/Fire       #.......     99%         3    ####...
 Lesser Beckoning         Tloc           #.........   99%         3    ####...
 Mephitic Cloud           Conj/Pois/Air  #.......     99%         3    ####...
 Ozocubu's Armour         Chrm/Ice       #.......     99%         3    ####...
 Portal Projectile        Hex/Tloc       #.....       99%         3    ####...
 Static Discharge         Conj/Air       #.......     99%         3    ####...
 Stone Arrow              Conj/Erth      #.....       99%         3    ####...
 Summon Guardian Golem    Hex/Summ       #.......     99%         3    ####...
 Teleport Other           Tloc           #.......     99%         3    ####...
 Tukima's Dance           Hex            #.......     99%         3    ####...
 Cause Fear               Hex            #.........   100%        4    #####..
 Force Lance              Conj/Tloc      #.......     100%        4    #####..
 Fulminant Prism          Conj/Hex       #.........   100%        4    #####..
 Iskenderun's Mystic Bla  Conj           #.......     100%        4    #####..
 Leda's Liquefaction      Hex/Erth       #.........   100%        4    #####..
 Olgreb's Toxic Radiance  Pois           #.......     100%        4    #####..
 Passage of Golubria      Tloc           N/A          100%        4    #####..
 Petrify                  Tmut/Erth      #.......     100%        4    #####..
 Sticky Flame             Conj/Fire      #.......     100%        4    #####..
 Summon Ice Beast         Ice/Summ       #.......     100%        4    #####..
 Summon Lightning Spire   Summ/Air       #.......     100%        4    #####..
 Throw Icicle             Conj/Ice       #.......     100%        4    #####..
 Agony                    Necr           #.......     100%        5    ######.
 Bolt of Draining         Conj/Necr      #.........   100%        5    ######.
 Dispel Undead            Necr           #.......     100%        5    ######.
 Excruciating Wounds      Chrm/Necr      #.........   100%        5    ######.
 Fireball                 Conj/Fire      #.........   100%        5    ######.
 Iskenderun's Battlesphe  Conj/Chrm      #.......     100%        5    ######.
 Lee's Rapid Deconstruct  Erth           #.........   100%        5    ######.
 Metabolic Englaciation   Hex/Ice        #.........   100%        5    ######.
 Yara's Violent Unravell  Hex/Tmut       #.........   100%        5    ######.
 Bolt of Cold             Conj/Ice       #.........   100%        6    #######
 Bolt of Fire             Conj/Fire      #.........   100%        6    #######
 Darkness                 Hex            #.........   100%        6    #######
 Freezing Cloud           Conj/Ice/Air   #.........   100%        6    #######
 Invisibility             Hex            #.......     100%        6    #######
 Simulacrum               Ice/Necr       #.........   100%        6    #######
 Haunt                    Necr/Summ      #.........   100%        7    #######
 Ring of Flames           Chrm/Fire      #.........   100%        7    #######
 Borgnjor's Revivificati  Necr           #.........   100%        8    #######
 Controlled Blink         Tloc           N/A          100%        8    #######
 Death's Door             Chrm/Necr      #.........   100%        8    #######
 Infestation              Necr           #.........   100%        8    #######
 Necromutation            Tmut/Necr      #.........   100%        8    #######


Dungeon Overview and Level Annotations

Branches:
Dungeon (15/15)            Temple (1/1) D:7            Lair (6/6) D:8
  Swamp (4/4) Lair:3       Spider (4/4) Lair:4        Slime (5/5) Lair:6
    Orc (2/2) D:11            Elf (3/3) Orc:2        Vaults (5/5) D:14
  Crypt (0/3) Vaults:2     Depths (5/5) D:15            Zot (0/5) Depths:5
  Sewer (visited)           IceCv (visited)          WizLab (visited)
Gauntlet (visited)

Altars:
Ashenzari
Cheibriados
Dithmenos
Elyvilon
Fedhas
Gozag
Hepliaklqana
Kikubaaqudgha
Makhleb
Nemelex Xobeh
Okawaru
Qazlal
Ru
Sif Muna
Trog
Uskayaw
Vehumet
Wu Jian
Xom
Yredelemnul
Zin
The Shining One
Beogh
Lugonu

Shops:
D:5 %?(?   D:7 *   D:10 =%   D:11 %([*   Orc:1 [   Orc:2 (%%*(   Elf:2 (
Vaults:1 =   Vaults:2 :   Depths:3 [

Portals:
Hell: Lair:6 Depths:1 Depths:3 Depths:4 Depths:5
Abyss: Depths:3* Depths:4 Depths:5
Pandemonium: Depths:3
Ziggurat: Depths:1
Trove: Vaults:1 (give +7 demon trident)

Annotations:
Depths:4 2 runed translucent doors


Innate Abilities, Weirdness & Mutations

You reflexively headbutt those who attack you in melee.
You have a pair of horns on your head.
You tend to lose your temper in combat.
Your body sometimes deteriorates upon taking damage.


Message History

The azure jelly hits you but does no damage.
The acid blob hits you!!
* * * LOW HITPOINT WARNING * * *
You are splashed with acid.
You resist.
* * * LOW HITPOINT WARNING * * *
You completely miss the acid blob.
The acid blob is almost dead.
The azure jelly barely misses you. x2
The azure jelly hits you but does no damage. x2
The acid blob barely misses you. You furiously retaliate!
You headbutt the acid blob, but do no damage.
You feel better. The azure jelly closely misses you. You furiously retaliate!
You headbutt the azure jelly, but do no damage.
The azure jelly hits you.
* * * LOW HITPOINT WARNING * * *
The azure jelly freezes you! You resist.
* * * LOW HITPOINT WARNING * * *
The azure jelly hits you but does no damage. x2
The acid blob hits you!!
You die...

#....................
##...................
##..................
#...................
###.................
#..................
#..................
###.........J......
###........@J......
#.........<........
#....#.#...........
#..#.#####.........
##.### #.#....... #.
####...... # ......
...... ....


You could see an acid blob and an azure jelly.

Vanquished Creatures
  the Royal Jelly (Slime:5)
  Mennas (Vaults:3)
  Mara (Spider:3)
  Bai Suzhen (Swamp:4)
  Xtahua (Depths:4)
  Boris (Depths:4)
  Nikola (Swamp:2)
  Arachne (Spider:3)
  2 bone dragons
  4 golden dragons
  4 liches
  4 tentacled monstrosities
  6 titans
  Rupert (Lair:3)
  3 deep elf blademasters
  6 acid blobs
  2 deep elf master archers (Elf:3)
  2 tentacled starspawn (WizLab)
  An eldritch tentacle (WizLab)
  12 sphinxes
  Kirke (D:14)
  5 shadow dragons
  2 thorn hunters (Swamp:3)
  16 frost giants
  A draconian monk (Depths:5)
  8 storm dragons
  4 azure jellies (Slime:5)
  The ghost of Yamstis the Nimble, an adept GnMo of Makhleb (D:15)
  Donald (Spider:2)
  7 tengu reavers
  11 fire giants
  6 deep elf sorcerers
  2 iron dragons (Depths:4)
  5 ghost moths
  2 orc warlords (Orc:2)
  16 vault wardens
  7 deep elf elementalists
  4 emperor scorpions
  A draconian annihilator (Depths:5)
  A reaper (Depths:1)
  12 ironheart preservers
  3 war gargoyles (Vaults:5)
  22 very ugly things
  24 stone giants
  5 entropy weavers
  2 vampire knights
  A dire elephant (shapeshifter) (Depths:5)
  4 deep elf demonologists
  A dire elephant (Lair:6)
  2 purple draconians (Depths:5)
  4 white draconians
  2 yellow draconians (Depths:5)
  8 spark wasps
  11 deep elf annihilators
  A merfolk javelineer (Depths:1)
  The ghost of Nebesus the Severer, a journeyman MiFi of Ru (Lair:4)
  13 ettins
  6 deep elf death magi (Elf:3)
  A green death (Depths:1)
  7 death oozes (Slime:5)
  39 vault guards
  5 fire dragons
  4 deep elf high priests
  7 great orbs of eyes
  23 yaktaur captains
  Fannar (D:12)
  3 rakshasas
  18 hydras
  10 ice dragons
  A hell beast (Depths:1)
  2 spectral fire giants (D:15)
  3 spriggan air magi
  10 alligators
  A shambling mangrove (Swamp:3)
  16 ogre magi
  6 centaur warriors
  4 death yaks (Lair:3)
  A death knight (Vaults:3)
  3 spectral frost giants (D:15)
  48 two-headed ogres
  3 deep troll shamans
  A queen ant (Spider:4)
  6 tengu warriors
  3 vampire magi
  An orc high priest (Orc:1)
  11 deep troll earth magi
  23 dancing weapons
  5 spriggan berserkers
  A shock serpent (shapeshifter) (Vaults:4)
  2 large abominations
  2 hell knights
  5 soul eaters
  31 deep elf knights
  Nergalle (Orc:1)
  A sun demon (Lair:6)
  7 skeletal warriors
  An iron troll (Depths:3)
  2 shadow wraiths
  11 unseen horrors
  7 wizards
  5 swamp dragons
  3 flayed ghosts
  2 starcursed masses (WizLab)
  8 glowing orange brains
  A spectral hydra (Swamp:4)
  Pikel (D:7)
  21 deep trolls
  A lindwurm (shapeshifter) (Vaults:5)
  21 ironbrand convokers
  8 harpies
  2 obsidian statues
  18 deep elf archers
  8 orc knights
  6 phantasmal warriors
  3 harpies (shapeshifter)
  2 necromancers (Vaults:4)
  36 wolf spiders
  2 orc sorcerers
  A spectral deep troll (D:15)
  20 orb spiders
  3 shining eyes (Slime:5)
  96 deep elf magi
  A salamander (shapeshifter) (D:15)
  2 manticores
  46 ugly things
  3 moths of wrath
  5 cyclopes
  17 vault sentinels
  2 human skeletons (Vaults:4)
  4 black mambas
  A centaur zombie (D:14)
  A spectral ice dragon (D:15)
  3 eyes of devastation
  3 smoke demons
  A titan simulacrum (D:15)
  5 orange demons
  An ice statue (IceCv)
  A frost giant skeleton (Vaults:4)
  15 spiny frogs
  A torpor snail (Spider:3)
  A gargoyle (D:14)
  2 human zombies (Vaults:4)
  2 kobold demonologists (D:13)
  8 freezing wraiths
  A hellwing (WizLab)
  2 small abominations
  5 swamp worm zombies (Swamp:4)
  3 komodo dragons
  A rime drake (shapeshifter) (Vaults:3)
  5 rime drakes
  An efreet (D:13)
  17 demonic crawlers
  A yaktaur (shapeshifter) (Vaults:2)
  54 yaktaurs
  3 ice devils (Lair:6)
  3 tengu conjurers
  3 hydra zombies (Swamp:4)
  3 red devils
  A polar bear (shapeshifter) (Vaults:5)
  3 meliai (D:14)
  A tengu simulacrum (Vaults:3)
  A meliai (shapeshifter) (Depths:2)
  14 hornets
  12 trolls
  31 jumping spiders
  A queen bee (D:11)
  18 polar bears
  An iron dragon simulacrum (D:15)
  10 tyrant leeches
  A hornet (shapeshifter) (Vaults:4)
  70 slime creatures
  A slime creature (shapeshifter) (D:15)
  A stone giant simulacrum (D:15)
  20 blink frogs
  A snapping turtle (shapeshifter) (Elf:3)
  16 hippogriffs
  A fire giant simulacrum (Vaults:2)
  2 ettin zombies (Vaults:4)
  12 bog bodies
  3 spectral swamp dragons (Swamp:4)
  3 alligator zombies (Swamp:4)
  A redback (shapeshifter) (Vaults:5)
  An ice dragon skeleton (WizLab)
  A centaur simulacrum (D:15)
  7 water elementals
  5 vampires
  50 redbacks
  3 air elementals
  2 shadows (D:12)
  A spriggan (shapeshifter) (Depths:4)
  15 spriggans
  26 tarantellas
  4 wraiths
  38 yaks
  A human (D:9)
  A yak (shapeshifter) (Vaults:1)
  A golden eye (Slime:2)
  A golden eye (shapeshifter) (D:15)
  2 basilisks
  5 hogs
  5 hungry ghosts
  7 vampire mosquitoes
  Grum (D:8)
  2 yaktaur simulacra
  2 fire elementals (Elf:1)
  A chaos spawn (Depths:1)
  4 wargs
  10 insubstantial wisps
  19 swamp worms
  18 soldier ants (Spider:4)
  5 spatial vortices (WizLab)
  An acid dragon (shapeshifter) (Depths:1)
  3 acid dragons
  16 water moccasins
  6 porcupines
  4 hell hounds
  61 orc warriors
  Purgy (Sewer)
  6 swamp drakes
  3 sky beasts
  A black bear (Lair:5)
  A hornet zombie (D:15)
  4 swamp dragon zombies (Swamp:4)
  An elf zombie (Vaults:4)
  8 ice beasts
  An ice beast (shapeshifter) (Depths:1)
  2 ettin simulacra (Vaults:3)
  3 eyes of draining
  12 phantoms
  15 boggarts
  2 necrophages
  25 wolves
  40 ogres
  31 centaurs
  12 crocodiles
  A big kobold (D:11)
  20 bullfrogs
  A gnoll sergeant (D:9)
  5 earth elementals
  A glowing shapeshifter simulacrum (Vaults:1)
  4 scorpions
  51 killer bees
  A human simulacrum (Vaults:4)
  8 wights
  8 howler monkeys
  2 electric eels
  7 crimson imps
  A bullfrog zombie (D:7)
  3 hounds
  3 centaur skeletons
  3 jellies
  30 orc priests
  31 orc wizards
  5 bullfrog skeletons
  3 iron imps
  33 worker ants
  5 iguanas
  A hell rat (Depths:1)
  A spectral swamp drake (Swamp:4)
  6 ogre zombies (D:11)
  A hound zombie (D:7)
  2 hound skeletons
  3 worker ant zombies
  21 gnolls
  A howler monkey skeleton (D:10)
  3 swamp drake zombies (Swamp:4)
  14 adders
  5 shadow imps
  3 white imps
  3 ufetubi
  4 oozes
  2 adder skeletons
  An adder zombie (D:6)
  2 worms
  A dart slug (D:2)
  8 leopard geckos
  116 orcs
  2 ball pythons
  6 giant cockroaches
  15 goblins
  8 hobgoblins
  22 jackals
  4 quokkas
  12 bats
  5 frilled lizards
  A goblin skeleton (D:11)
  5 goblin zombies (D:11)
  2 hobgoblin zombies (D:11)
  A jackal skeleton (D:4)
  2 jackal zombies
  29 kobolds
  2 orc skeletons (D:11)
  9 orc zombies (D:11)
  A quokka skeleton (D:4)
  A quokka zombie (D:5)
  8 rats
  2 crawling corpses
  5 starspawn tentacles (WizLab)
2398 creatures vanquished.

Vanquished Creatures (collateral kills)
  A basilisk (Lair:4)
1 creature vanquished.

Vanquished Creatures (others)
  A deep elf master archer (Elf:3)
  A centaur warrior (Vaults:2)
  A two-headed ogre (Vaults:3)
  2 deep elf archers
  A vault sentinel (Vaults:3)
  3 yaktaurs
  A jumping spider (Spider:4)
  An air elemental (Elf:1)
  4 humans (D:14)
  An acid dragon (D:14)
  A slave (D:7)
  An eye of draining (D:7)
  A boggart (Depths:4)
  A centaur (Depths:3)
  A quasit (WizLab)
  A hound (D:7)
  An orc wizard (Orc:2)
  An adder (shapeshifter) (Vaults:5)
  A briar patch (Swamp:3)
  4 fungi
  7 plants
  3 starspawn tentacles (WizLab)
39 creatures vanquished.

Grand Total: 2438 creatures vanquished

Notes
Turn   | Place    | Note
-------+----------+-------------------------------------------
     0 | D:1      | Jabu the Minotaur Fighter began the quest for the Orb.
     0 | D:1      | Reached XP level 1. HP: 19/19 MP: 0/0
   237 | D:1      | Reached XP level 2. HP: 16/27 MP: 1/1
   537 | D:1      | Reached XP level 3. HP: 31/33 MP: 2/2
   557 | D:1      | Reached skill level 4 in Fighting
  1392 | D:2      | Reached XP level 4. HP: 32/40 MP: 3/3
  2110 | D:3      | Reached skill level 5 in Maces & Flails
  2110 | D:3      | Reached XP level 5. HP: 23/46 MP: 4/4
  2311 | D:3      | You fall into a shaft and drop 3 floors!
  2315 | D:5      | Entered Level 5 of the Dungeon
  2321 | D:5      | Found Ejo Ocy's Magic Scroll Shop.
  2344 | D:5      | Reached skill level 5 in Shields
  2367 | D:5      | Bought a scroll of teleportation for 36 gold pieces
  2367 | D:5      | Bought a scroll of enchant weapon for 90 gold pieces
  2422 | D:5      | Reached XP level 6. HP: 46/52 MP: 5/5
  2617 | D:5      | Found Wabroef's Antique Weapon Shop.
  2768 | D:5      | Reached skill level 1 in Dodging
  2768 | D:5      | Reached XP level 7. HP: 25/59 MP: 6/6
  3278 | D:4      | Found a glowing drain.
  3285 | Sewer    | Entered a sewer
  3313 | Sewer    | Noticed Purgy
  3329 | Sewer    | Killed Purgy
  3865 | D:3      | Found a shattered altar of Ashenzari.
  4021 | D:3      | Found a shimmering blue altar of Sif Muna.
  4765 | D:5      | Found Effurph's Magic Scroll Shoppe.
  4781 | D:5      | Bought a scroll of blinking for 75 gold pieces
  4781 | D:5      | Bought a scroll of remove curse for 30 gold pieces
  4832 | D:5      | Found Zune's Food Shoppe.
  5001 | D:6      | Reached XP level 8. HP: 55/65 MP: 7/7
  5393 | D:6      | Reached skill level 10 in Maces & Flails
  5903 | D:6      | Reached skill level 1 in Axes
  6574 | D:6      | Reached skill level 5 in Fighting
  6911 | D:7      | Identified a scroll of acquirement
  6912 | D:7      | Got a clouded bronze ring
  6913 | D:7      | Identified the ring of Juippaw {rCorr Str+3 Int+3 Stlth-}
                  | (You acquired it on level 7 of the Dungeon)
  6988 | D:7      | Reached XP level 9. HP: 54/74 MP: 8/8
  7109 | D:7      | Reached skill level 6 in Fighting
  7169 | D:7      | Reached skill level 10 in Shields
  7176 | D:7      | Found a staircase to the Ecumenical Temple.
  7185 | Temple   | Entered the Ecumenical Temple
  7336 | Temple   | Became a worshipper of Warmaster Okawaru
  7369 | D:7      | Found Emiunloaff's Assorted Antiques.
  7375 | D:7      | Bought a runed scale mail for 154 gold pieces
  7672 | D:7      | Noticed Pikel
  7679 | D:7      | Killed Pikel
  7679 | D:7      | Reached skill level 5 in Armour
  7962 | D:7      | Found an opulent altar of Gozag.
  7962 | D:7      | Found a sacrificial altar of Ru.
  7962 | D:7      | Found a snail-covered altar of Cheibriados.
  8064 | D:7      | Found a shadowy altar of Dithmenos.
  8254 | D:8      | Found the +9 scales of the Dragon King {rPois rF+ rC+ MR+}
  8384 | D:8      | Reached * piety under Okawaru
  8410 | D:8      | Reached XP level 10. HP: 54/82 MP: 9/9
  8544 | D:8      | Found a staircase to the Lair.
  8610 | D:8      | Found the +8 lance "Wyrmbane" {slay drac, rPois rF+ rC+
                  | AC+3}
  8615 | D:8      | Noticed Grum
  8889 | D:8      | Reached skill level 1 in Polearms
  9408 | D:9      | Noticed a two-headed ogre
  9435 | D:9      | Killed a two-headed ogre
  9435 | D:9      | Reached ** piety under Okawaru
  9650 | D:9      | Reached skill level 5 in Polearms
  9759 | D:9      | Reached *** piety under Okawaru
  9875 | D:10     | Entered Level 10 of the Dungeon
  9950 | D:10     | Reached XP level 11. HP: 85/88 MP: 10/10
 10069 | D:10     | Reached **** piety under Okawaru
 10196 | D:10     | Found Ituew's Food Emporium.
 10308 | D:10     | Found Powuicaf's Jewellery Boutique.
 10719 | D:10     | Reached skill level 15 in Shields
 10812 | D:10     | Noticed a two-headed ogre
 10827 | D:10     | Killed a two-headed ogre
 11383 | D:11     | Reached ***** piety under Okawaru
 11515 | D:11     | Received a gift from Okawaru
 11606 | D:11     | Found Fetawat's Armour Shoppe.
 11669 | D:11     | Noticed an eight-headed hydra
 11676 | D:11     | Killed an eight-headed hydra
 11720 | D:11     | Found a staircase to the Orcish Mines.
 11956 | D:11     | Found Loaphios's General Store.
 11978 | D:11     | Found Quaj's Weapon Boutique.
 12023 | D:11     | Killed an unseen horror
 12023 | D:11     | Received a gift from Okawaru
 12023 | D:11     | Reached skill level 7 in Fighting
 12023 | D:11     | Reached skill level 10 in Polearms
 12310 | D:11     | Noticed a two-headed ogre
 12315 | D:11     | Killed a two-headed ogre
 12315 | D:11     | Reached XP level 12. HP: 81/99 MP: 11/11
 12385 | D:11     | Found Atean's Food Shop.
 12559 | D:12     | Noticed Fannar
 12591 | D:12     | Killed Fannar
 12877 | D:12     | Reached skill level 8 in Fighting
 13324 | D:13     | Reached skill level 1 in Invocations
 14078 | D:14     | Noticed a two-headed ogre
 14078 | D:14     | Noticed a six-headed hydra
 14084 | D:14     | Killed a two-headed ogre
 14084 | D:14     | Reached ****** piety under Okawaru
 14084 | D:14     | Reached skill level 10 in Armour
 14090 | D:14     | Killed a six-headed hydra
 14090 | D:14     | Reached skill level 9 in Fighting
 14138 | D:14     | Noticed a centaur warrior
 14148 | D:14     | Noticed a two-headed ogre
 14153 | D:14     | Killed a centaur warrior
 14153 | D:14     | Received a gift from Okawaru
 14153 | D:14     | Reached skill level 10 in Fighting
 14175 | D:14     | Reached skill level 1 in Evocations
 14178 | D:14     | Killed a two-headed ogre
 14213 | D:14     | Noticed a two-headed ogre
 14227 | D:14     | Killed a two-headed ogre
 14377 | D:14     | Noticed Kirke
 14397 | D:14     | Killed Kirke
 14397 | D:14     | Reached XP level 13. HP: 114/114 MP: 13/13
 14456 | D:14     | Found a gate to the Vaults.
 14580 | D:14     | Reached skill level 11 in Fighting
 15086 | Lair:1   | Entered Level 1 of the Lair of Beasts
 15093 | Lair:1   | Found a gate leading to a gauntlet.
 15107 | Gauntlet | Entered a Gauntlet
 15107 | Gauntlet | Found a transporter.
 15112 | Gauntlet | Found a transporter.
 15114 | Gauntlet | Found a transporter.
 15402 | Lair:1   | Received a gift from Okawaru
 15413 | Lair:1   | Got a twisted hat {god gift}
 15418 | Lair:1   | Identified the +1 hat of Hong {Str+4 Int+3} (Okawaru gifted
                  | it to you on level 1 of the Lair of Beasts)
 15970 | D:11     | Bought the +0 pair of boots "Ygicos" {rF++ Str+4} for 561
                  | gold pieces
 16679 | Lair:2   | Reached skill level 12 in Fighting
 17094 | Lair:3   | Found a frozen archway.
 17122 | IceCv    | Entered an ice cave
 17550 | IceCv    | Noticed a frost giant
 17565 | IceCv    | Killed a frost giant
 17645 | IceCv    | Got a slimy great mace
 17645 | IceCv    | Identified the cursed +0 great mace of Valour {crush, rF-
                  | MR+ Int+3} (You found it in an ice cave)
 17963 | Lair:3   | Received a gift from Okawaru
 18043 | Lair:3   | Reached XP level 14. HP: 104/126 MP: 14/14
 18057 | Lair:3   | Received a gift from Okawaru
 18069 | Lair:3   | Reached skill level 13 in Fighting
 18368 | Lair:3   | Noticed Rupert
 18398 | Lair:3   | Killed Rupert
 18797 | Lair:3   | Found a staircase to the Swamp.
 19316 | Lair:4   | Found a hole to the Spider Nest.
 19503 | Lair:4   | Reached skill level 14 in Fighting
 19695 | Lair:4   | Noticed Nebesus's ghost (journeyman MiFi)
 19699 | Lair:4   | Found a transporter.
 19764 | Lair:4   | Found a transporter.
 20080 | Lair:4   | Killed Nebesus's ghost
 20870 | Lair:6   | Entered Level 6 of the Lair of Beasts
 20971 | Lair:6   | Received a gift from Okawaru
 21353 | Lair:6   | Found a burning altar of Makhleb.
 21392 | Lair:6   | Reached skill level 15 in Fighting
 21406 | Lair:6   | Found a gateway to Hell.
 21490 | Lair:6   | Received a gift from Okawaru
 21491 | Lair:6   | Got a translucent cloak {god gift}
 21496 | Lair:6   | Identified the +2 cloak of the Wild Haggis {rC- Int+4
                  | Dex+2} (Okawaru gifted it to you on level 6 of the Lair of
                  | Beasts)
 21629 | Lair:6   | Found a staircase to the Slime Pits.
 22145 | D:8      | Killed Grum
 22340 | D:14     | Reached XP level 15. HP: 136/140 MP: 17/17
 22635 | D:15     | Entered Level 15 of the Dungeon
 22962 | D:15     | Found a staircase to the Depths.
 23003 | D:15     | Found a runed translucent gate.
 23003 | D:15     | Found a runed translucent gate.
 23003 | D:15     | Found a runed translucent gate.
 23003 | D:15     | Noticed Yamstis's ghost (adept GnMo)
 23590 | D:15     | Reached skill level 15 in Armour
 23613 | D:15     | Killed Yamstis's ghost
 23617 | D:15     | Reached skill level 16 in Fighting
 23661 | D:15     | Received a gift from Okawaru
 23665 | D:15     | Got a warped ring mail {god gift}
 23675 | D:15     | Identified the +2 ring mail of the Mind {rElec SInv}
                  | (Okawaru gifted it to you on level 15 of the Dungeon)
 23694 | D:15     | Identified the Incunabulum of Frigorific Dark Magic
 23801 | Orc:1    | Entered Level 1 of the Orcish Mines
 24070 | Orc:1    | Paralysed by an orc sorcerer for 5 turns
 24366 | Orc:2    | Entered Level 2 of the Orcish Mines
 24381 | Orc:1    | Noticed Nergalle
 24483 | Orc:2    | Found a staircase to the Elven Halls.
 24513 | Orc:1    | Killed Nergalle
 24600 | Orc:1    | Reached skill level 5 in Invocations
 24833 | Orc:1    | Found Duemufe's Antique Armour Shoppe.
 24847 | Orc:1    | Found a roughly hewn altar of Beogh.
 25013 | D:10     | Bought the amulet "Doloum" {Acrobat Str+7} for 827 gold
                  | pieces
 25344 | Orc:2    | Found Xeecimur's Food Boutique.
 25344 | Orc:2    | Found Qoletilemn's Food Shoppe.
 25346 | Orc:2    | Found Waifuij's Antique Weapon Emporium.
 25348 | Orc:2    | Found Noos's General Store.
 25558 | Orc:2    | Noticed an orc warlord
 25570 | Orc:2    | Killed an orc warlord
 25791 | Orc:2    | Noticed an orc warlord
 25824 | Orc:2    | Killed an orc warlord
 26197 | Orc:2    | Found Wanamneq's Antique Weapon Shop.
 26681 | Swamp:1  | Entered Level 1 of the Swamp
 26840 | Swamp:1  | Reached skill level 17 in Fighting
 26897 | Swamp:1  | Received a gift from Okawaru
 27563 | Swamp:2  | Reached XP level 16. HP: 135/154 MP: 19/19
 27986 | Swamp:2  | Noticed Nikola
 28006 | Swamp:2  | Killed Nikola
 28006 | Swamp:2  | Received a gift from Okawaru
 28007 | Swamp:2  | Got a shimmering hand crossbow {god gift}
 28007 | Swamp:2  | Identified the +7 hand crossbow of Watchfulness {velocity,
                  | MR- MP+9 Str+5 SInv} (Okawaru gifted it to you on level 2
                  | of the Swamp)
 28792 | Swamp:3  | Reached skill level 18 in Fighting
 28820 | Swamp:3  | Noticed a thorn hunter
 28848 | Swamp:3  | Killed a thorn hunter
 28970 | Swamp:3  | Noticed a thorn hunter
 28984 | Swamp:3  | Killed a thorn hunter
 29178 | Swamp:4  | Entered Level 4 of the Swamp
 29244 | Swamp:4  | Noticed Bai Suzhen
 29249 | Swamp:4  | Received a gift from Okawaru
 29275 | Swamp:4  | Killed Bai Suzhen
 30068 | Swamp:4  | Reached skill level 5 in Dodging
 30097 | Swamp:4  | Noticed a bone dragon
 30108 | Swamp:4  | Killed a bone dragon
 30321 | Swamp:4  | Got a decaying rune of Zot
 30725 | Spider:1 | Entered Level 1 of the Spider Nest
 30761 | Spider:1 | Reached XP level 17. HP: 140/163 MP: 15/21
 30767 | Spider:1 | Reached skill level 19 in Fighting
 30845 | Spider:1 | Received a gift from Okawaru
 31683 | Orc:2    | Bought a runed hunting sling for 117 gold pieces
 32242 | Spider:2 | Reached skill level 1 in Slings
 32435 | Spider:2 | Received a gift from Okawaru
 32806 | Spider:2 | Noticed Donald
 32827 | Spider:2 | Killed Donald
 33168 | Spider:2 | Reached skill level 5 in Slings
 33631 | Spider:3 | Noticed Arachne
 33660 | Spider:3 | Killed Arachne
 33896 | Spider:3 | Noticed Mara
 33901 | Spider:3 | Noticed Jabu's illusion
 33924 | Spider:3 | Killed Mara
 34471 | Spider:4 | Entered Level 4 of the Spider Nest
 34835 | Spider:4 | Received a gift from Okawaru
 35145 | Spider:4 | Reached XP level 18. HP: 172/173 MP: 10/22
 35159 | Spider:4 | Reached skill level 10 in Slings
 35220 | Spider:4 | Received a gift from Okawaru
 35438 | Spider:4 | Got a gossamer rune of Zot
 35773 | Spider:4 | Received a gift from Okawaru
 36263 | Vaults:1 | Entered Level 1 of the Vaults
 37267 | Vaults:1 | Found Deggan's Jewellery Boutique.
 37273 | Vaults:1 | Bought the amulet "Fiz Nu Rarphu" {+Fly rElec rN+ Regen+
                  | Int-4} for 670 gold pieces
 37293 | Vaults:1 | Found a portal to a secret trove of treasure.
 38643 | Vaults:2 | Received a gift from Okawaru
 38780 | Vaults:2 | Reached skill level 20 in Fighting
 38796 | Vaults:2 | Reached XP level 19. HP: 171/185 MP: 19/23
 39319 | Vaults:2 | Received a gift from Okawaru
 39546 | Vaults:2 | Found Raynegir's Book Shoppe.
 39972 | Vaults:2 | Reached skill level 21 in Fighting
 41017 | Vaults:2 | Found a staircase to the Crypt.
 41554 | Vaults:3 | Noticed Mennas
 41862 | Vaults:3 | Noticed a Brimstone Fiend
 42185 | Vaults:3 | Received a gift from Okawaru
 42641 | Vaults:3 | Reached skill level 22 in Fighting
 42651 | Vaults:3 | Reached XP level 20. HP: 200/200 MP: 24/24
 42729 | Vaults:3 | Received a gift from Okawaru
 43048 | Vaults:3 | Killed Mennas
 43048 | Vaults:3 | Received a gift from Okawaru
 43157 | Vaults:3 | Received a gift from Okawaru
 44321 | Vaults:4 | Received a gift from Okawaru
 44468 | Vaults:4 | Identified the +10 glaive "Ipufuzue" {chop, rF+ MR+}
 44562 | Vaults:4 | Reached skill level 23 in Fighting
 44677 | Vaults:4 | Reached skill level 10 in Dodging
 44730 | Vaults:4 | Received a gift from Okawaru
 44930 | Vaults:4 | Received a gift from Okawaru
 45956 | Elf:1    | Entered Level 1 of the Elven Halls
 46016 | Elf:1    | Reached XP level 21. HP: 193/212 MP: 25/25
 46854 | Elf:2    | Found Leginoo's Antique Weapon Shop.
 46888 | Elf:2    | Received a gift from Okawaru
 46892 | Elf:2    | Got a faintly glowing hat {god gift}
 46902 | Elf:2    | Identified the +0 hat "Ysualluc" {Slay+3} (Okawaru gifted
                  | it to you on level 2 of the Elven Halls)
 46951 | Elf:2    | Found a runed translucent gate.
 46951 | Elf:2    | Found a runed translucent gate.
 46951 | Elf:2    | Found a runed translucent gate.
 47617 | Elf:2    | Reached skill level 15 in Polearms
 47808 | Elf:3    | Entered Level 3 of the Elven Halls
 48495 | Elf:3    | Received a gift from Okawaru
 48679 | Elf:3    | Identified the ring of Ashenzari's Generosity {rC+ AC+3}
 48850 | Elf:3    | Found the amulet of the Air {Inacc +Fly rElec EV+5 RMsl}
 48858 | Elf:3    | Identified the cursed +0 demon trident "Epi Evio" {drain,
                  | rElec rC++ rN+ Str-5} (You found it on level 3 of the Elven
                  | Halls)
 48860 | Elf:3    | Identified the +2 pair of gloves of a Hundred Nights {rC++
                  | rCorr Int+3 Dex-3} (You found it on level 3 of the Elven
                  | Halls)
 48867 | Elf:3    | Identified the ring of Descent {rElec rPois rC++} (You
                  | found it on level 3 of the Elven Halls)
 48884 | Elf:3    | Got a smoking lapis lazuli ring
 48885 | Elf:3    | Identified the ring "Utodwam" {+Fly rC+ Str+2} (You found
                  | it on level 3 of the Elven Halls)
 48892 | Elf:3    | Identified the Papyrus of Congealing Evil Rites
 48895 | Elf:3    | Identified the Compendium of Shifting Evil Rituals
 48901 | Elf:3    | Identified the Handbook of Confrontation
 49033 | Elf:3    | Reached XP level 22. HP: 220/220 MP: 26/26
 49754 | Depths:1 | Entered Level 1 of the Depths
 49770 | Depths:1 | Reached skill level 1 in Necromancy
 50021 | Depths:1 | Identified Otoguzupp's Volume of Glacial Envenoming
 50327 | Depths:1 | Received a gift from Okawaru
 50560 | Depths:1 | Found a runed translucent gate.
 50560 | Depths:1 | Found a runed translucent gate.
 50560 | Depths:1 | Found a runed translucent gate.
 50716 | Depths:1 | Found a gateway to a ziggurat.
 50745 | Depths:1 | Received a gift from Okawaru
 51523 | Depths:1 | Got a slimy great mace
 51523 | Depths:1 | Identified the +11 great mace "Awnafoell" {crush, rF- MR+
                  | Int+3 Dex+3} (You found it on level 1 of the Depths)
 52460 | Depths:3 | Reached skill level 24 in Fighting
 53061 | Depths:2 | Reached XP level 23. HP: 120/232 MP: 27/27
 53277 | Depths:3 | Received a gift from Okawaru
 53419 | Depths:3 | Received a gift from Okawaru
 53481 | Depths:3 | Found Yvefemui's Armour Emporium.
 53634 | Depths:3 | Received a gift from Okawaru
 53634 | Depths:3 | Reached skill level 25 in Fighting
 53785 | Depths:3 | Found a one-way gate to the infinite horrors of the Abyss.
 53808 | Depths:3 | Found a corrupted altar of Lugonu.
 54026 | Depths:3 | Found a one-way gate leading to the halls of Pandemonium.
 54181 | Depths:4 | Noticed Boris
 54614 | Depths:4 | Noticed Xtahua
 54617 | Depths:4 | Found the +8 glaive of the Guard {elec, +Rage AC+5 SInv}
 54633 | Depths:4 | Killed Xtahua
 54640 | Depths:4 | Received a gift from Okawaru
 54707 | Depths:4 | Found a runed translucent door.
 54714 | Depths:4 | Found a runed translucent door.
 54714 | Depths:4 | Found a runed translucent door.
 54761 | Depths:4 | Received a gift from Okawaru
 54772 | Depths:4 | Received a gift from Okawaru
 54971 | Depths:4 | Found a burning altar of Makhleb.
 55170 | Depths:4 | Got a warped hunting sling
 55170 | Depths:4 | Identified the +8 hunting sling "Digoemes" {velocity, rC+
                  | rN++} (You found it on level 4 of the Depths)
 55274 | Depths:4 | Received a gift from Okawaru
 55557 | Depths:4 | Reached skill level 26 in Fighting
 55568 | Depths:4 | Received a gift from Okawaru
 55578 | Depths:4 | Paralysed by a floating eye for 2 turns
 55586 | Depths:4 | Paralysed by a floating eye for 2 turns
 55593 | Depths:4 | Paralysed by a floating eye for 2 turns
 55599 | Depths:4 | Paralysed by a floating eye for 2 turns
 56136 | Depths:4 | Killed Boris
 56671 | Orc:1    | Bought an embroidered cloak for 217 gold pieces
 56931 | Depths:5 | Entered Level 5 of the Depths
 57104 | Depths:5 | Received a gift from Okawaru
 57120 | Depths:5 | Received a gift from Okawaru
 57590 | Depths:5 | Found a gate to the Realm of Zot.
 57608 | Depths:5 | Reached XP level 24. HP: 194/247 MP: 27/27
 57680 | Depths:5 | Found a magical portal.
 57723 | WizLab   | Found a transporter.
 57726 | WizLab   | Found a corrupted altar of Lugonu.
 57749 | WizLab   | Found a transporter.
 57759 | WizLab   | Found a transporter.
 57785 | WizLab   | Found a transporter.
 57799 | WizLab   | Found a transporter.
 57819 | WizLab   | Found a transporter.
 57914 | WizLab   | Found a transporter.
 57941 | WizLab   | Found a transporter.
 57980 | WizLab   | Found a transporter.
 58113 | WizLab   | Found a transporter.
 58114 | WizLab   | Found a transporter.
 58236 | WizLab   | Found a transporter.
 58255 | WizLab   | Found a transporter.
 58255 | WizLab   | Found a transporter.
 58284 | WizLab   | Found a transporter.
 58284 | WizLab   | Found a transporter.
 58313 | WizLab   | Found a transporter.
 58313 | WizLab   | Found a transporter.
 58323 | WizLab   | Found a corrupted altar of Lugonu.
 58337 | WizLab   | Found the +1 cloak of Starlight {rElec rC+ EV+4 Stlth--}
 58340 | WizLab   | Found a transporter.
 58368 | WizLab   | Got an encrusted cloak
 58378 | WizLab   | Identified the +0 cloak of Lifelessness {rPois rN+ MR+
                  | Stlth+} (You found it in a wizard's laboratory)
 58394 | WizLab   | Found a transporter.
 59005 | Depths:3 | Got a crude scale mail
 59015 | Depths:3 | Identified the +5 scale mail "Waopeapt" {+Inv rPois rCorr
                  | Str-4 Dex-2} (You found it on level 3 of the Depths)
 59798 | Vaults:5 | Entered Level 5 of the Vaults
 59885 | Vaults:4 | Reached skill level 27 in Fighting
 60247 | Vaults:5 | Received a gift from Okawaru
 60523 | Vaults:4 | Received a gift from Okawaru
 60532 | Vaults:4 | Reached skill level 15 in Dodging
 60800 | Vaults:5 | Received a gift from Okawaru
 60856 | Vaults:5 | Got a smoking spear {god gift}
 60867 | Vaults:4 | Identified the +11 spear "Cuomyem" {pierce, rElec MR-
                  | Str+2} (Okawaru gifted it to you on level 5 of the Vaults)
 61024 | Vaults:5 | Identified the +9 battleaxe of Hoacost {speed, *Rage Int+4
                  | Dex+2}
 61108 | Vaults:5 | Identified the ring "Zitechuh" {rF+ rCorr Dex+5}
 61413 | Vaults:5 | Received a gift from Okawaru
 61498 | Vaults:5 | Reached XP level 25. HP: 250/257 MP: 28/28
 61546 | Vaults:5 | Identified Vehumet's Grimoire of Combat Magic
 61549 | Vaults:5 | Identified the Guide on Dislocated Enhancements
 61561 | Vaults:5 | Received a gift from Okawaru
 61566 | Vaults:5 | Got an ancient hat {god gift}
 61576 | Vaults:5 | Identified the +0 hat of Okawaru's Envy {rC++ rN+} (Okawaru
                  | gifted it to you on level 5 of the Vaults)
 62583 | Vaults:5 | Identified the +7 long sword of Purpose {flame, rPois rC+++
                  | MR- Str-4}
 63343 | Vaults:5 | Got a crude cloak
 63353 | Vaults:5 | Identified the +1 cloak "Zarikh" {+Fly MR+++ Int-3 SInv}
                  | (You found it on level 5 of the Vaults)
 63433 | Vaults:5 | Got a silver rune of Zot
 63435 | Vaults:5 | Got a pair of ichor-stained gloves
 63445 | Vaults:5 | Identified the cursed +0 pair of gloves of Koexe {-Tele
                  | rPois Int+9 Stlth+} (You found it on level 5 of the Vaults)
 63668 | Vaults:5 | Got a crude robe
 63678 | Vaults:5 | Identified the +2 robe of Vumots {rF+ Str+4 Dex+6} (You
                  | found it on level 5 of the Vaults)
 64107 | Slime:1  | Entered Level 1 of the Pits of Slime
 64276 | Slime:1  | Gained mutation: You tend to lose your temper in combat. [a
                  | shining eye]
 64339 | Slime:5  | Entered Level 5 of the Pits of Slime
 64669 | Slime:5  | Gained mutation: Your body sometimes deteriorates upon
                  | taking damage. [a shining eye]
 64882 | Slime:5  | Noticed the Royal Jelly
 64894 | Slime:5  | Killed the Royal Jelly
 64944 | Slime:5  | Mangled by an acid blob

Levels and vault maps discovered:
D:1:      onia_arrival_pentagram, layout_basic, minmay_3d_cube
D:2:      minmay_door_path, layout_basic, first_ration
D:3:      layout_rooms, lemuel_round_altar, evilmike_ruin_ashenzari,
          serial_rivers, chequers_serial_rivers_micro_a,
          chequers_serial_rivers_large_b, chequers_serial_rivers_marsh,
          chequers_serial_rivers_micro_c, chequers_serial_rivers_large_a,
          chequers_serial_rivers_micro_e
D:4:      layout_cave_pools, gup_sewer_entry_bubbles
D:5:      layout_rooms, serial_shops, shop, kennysheep_little_box,
          nicolae_shop_behind_doors, nicolae_shop_stone
D:6:      minmay_klotski, layout_layer_cave
D:7:      layout_loops_ring, marbit_many_paths,
          chequers_temple_overflow_statue_of_worship,
          minmay_temple_entry_sparse_star, serial_shops, shop,
          item_on_display_a, uniq_pikel
D:8:      layout_gridville, grunt_lair_entry_orc_guard_hut, uniq_grum
D:9:      layout_big_octagon, grunt_livestock
D:10:     layout_basic, serial_shops, shop, nicolae_shop_statue_plus,
          moated_statue
D:11:     layout_roguey [special_room_bee], zombieorc1_lemuel, serial_shops,
          shop, shop, shop, nicolae_shop_crystal
D:12:     layout_roguey, uniq_fannar
D:13:     layout_irregular_city, minmay_misc_feat_diagonals
D:14:     layout_roguey, david_vaults_2, corexii_hall_statues_x, minmay_bent,
          uniq_kirke
D:15:     gammafunk_enter_depths_forms, layout_irregular_city,
          gammafunk_ghost_necromancy, dk_noncrumbling_3
Temple:   regret_index_temple_sphere_string
Lair:1:   layout_regular_city, gauntlet_entry_generic, worms_lemuel
Lair:2:   layout_cave_pods
Lair:3:   kb_forest_paths, layout_long_grid,
          nicolae_swamp_entry_splash_gauntlet, portal_ice_cave_entry_pillars_1,
          serial_bayou_pond_e, uniq_rupert
Lair:4:   layout_regular_city, spider_nest_entry_webs, gammafunk_ghost_arena,
          cheibrodos_lair_caveside_slide, cheibrodos_lair_reptile_den,
          lemuel_fruit_tree
Lair:5:   layout_roguey
Lair:6:   evil_forest, layout_loops_ring, minmay_slime_entry_pillars,
          minivault_25
Swamp:1:  layout_basic_swamp, evilmike_swamp_ruin_house_3, swamp_pool1,
          nicolae_swamp_round_clearing
Swamp:2:  layout_falls_marsh, hangedman_swamp_ruin_wall, uniq_nikola
Swamp:3:  layout_basic_swamp, evilmike_swamp_ruin_rubble_2, swamp_pool2,
          ldierk_geyser
Swamp:4:  swamp_pestilence, layout_basic_swamp, swamp_pool2, uniq_bai_suzhen
Spider:1: layout_spider_delve
Spider:2: layout_spider_delve, uniq_donald
Spider:3: layout_spider_delve, uniq_arachne, uniq_mara
Spider:4: grunt_spider_rune_parallel, zaba_antful_of_joy
Slime:1:  layout_caves, basic_altar
Slime:2:  layout_caves
Slime:3:  layout_caves
Slime:4:  layout_caves, basic_altar, cheibrodos_slime_lost_civilization_4
Slime:5
Orc:1:    layout_caves, serial_shops, nicolae_shop_stone, mines2_david,
          uniq_nergalle
Orc:2:    st_orc_rangers, layout_diamond_mine, serial_shops, nicolae_shop_stone
Elf:1:    eino_elf_arrival_sip, layout_gridlike, minivault_28
Elf:2:    layout_geoelf_grid, serial_shops, shop, guppyfry_library_mini
Elf:3:    minmay_elf_hall_statues, layout_onion_city, grunt_megastairs_3
Vaults:1: nicolae_vaults_sealed_display, v_alt_pattern_5,
          hangedman_vaults_nails, v_alt_pattern_1,
          nicolae_vaults_hallways_thing, nicolae_vaults_big_ls, v_alt_pattern_3,
          v_misc_11, ontoclasm_vaults_idyll, v_misc_24, layout_vaults_big_cross,
          serial_shops, nicolae_shop_crystal, nicolae_trove_entry_diagonal
Vaults:2: ontoclasm_vaults_shout, v_pattern_1, minmay_crypt_entry_vampire_xt,
          vaults_room_mumra_shop_pool, ontoclasm_vaults_loading_screen,
          v_rooms_1, grunt_vaults_twisty, ontoclasm_vaults_spin,
          nicolae_vaults_angled_halls, hangedman_vaults_maws,
          nicolae_vaults_asterisk, layout_vaults_big_room
Vaults:3: nicolae_vaults_circle_grid_a, hangedman_vaults_corner_blocks,
          nicolae_vaults_mini_display_case, v_misc_11, v_misc_9,
          nicolae_vaults_an_arrangement, v_pattern_5, v_misc_9,
          nicolae_vaults_little_squares_5, ontoclasm_vaults_chip,
          vaults_dpeg_ring, serial_ice_b, layout_vaults_quadrants, uniq_mennas
Vaults:4: nicolae_vaults_inception_scallops, nicolae_vaults_little_squares_6,
          v_misc_32, ontoclasm_vaults_ring_small, vaults_room_grid,
          nicolae_vaults_shelves_hall, v_misc_30, nicolae_vaults_rhombus_6,
          v_alt_pattern_6, v_misc_19, ontoclasm_vaults_fault, vaults_room_fours,
          hangedman_vaults_nails, layout_vaults_omnibox
Vaults:5
Depths:1: layout_long_grid, enter_ziggurat_f, grunt_hell_entry_demonic_statue,
          serial_rivers, chequers_serial_rivers_micro_c,
          chequers_serial_rivers_small_3, chequers_serial_rivers_small_3,
          chequers_serial_rivers_marsh, pandoras_box_mu, serial_bayou_shore_b,
          serial_bayou_shore_a
Depths:2: minmay_isolated_rectangles_in_corner, layout_cave_shapes,
          chequers_serial_rivers_room_a, hell_entry,
          chequers_serial_rivers_room_a, infiniplex_staircase_diamond,
          grunt_megastairs_4
Depths:3: due_chaos_kobolds, layout_basic, minmay_misc_feat_plants,
          rand_demon_pan_entry_3, pf_hell_entry_great_geh, serial_shops,
          nicolae_shop_window_shopping, abyss_entry_small_statue_room,
          grunt_tough_drop
Depths:4: minmay_the_grid_triangle_9x9_rhombus_full_mashed
          [minmay_the_grid_triangle_9x9_fully_insulated_deathbox,
          minmay_the_grid_triangle_9x9_zippers_horizontal,
          minmay_the_grid_triangle_9x9_checkered,
          minmay_the_grid_triangle_9x9_limited_checkers,
          minmay_the_grid_triangle_9x9_shrine,
          minmay_the_grid_triangle_9x9_dagger,
          minmay_the_grid_triangle_9x9_swiss_cheese,
          minmay_the_grid_triangle_9x9_prize_center], layout_cave_shapes,
          hangedman_abyss_entry_splay, pf_coc_iceberg, kennysheep_path_1,
          drop_trap, due_unseen_surprise, infiniplex_staircase_pool_2,
          uniq_xtahua, uniq_boris
Depths:5: grunt_x_marks_the_spot, layout_gridlike, mu_enter_wizlab_1,
          abyss_entry, hangedman_decor_riveting, hell_entry, st_stairs_6

Skill      XL: |  1  2  3  4  5  6  7  8  9 10 11 12 13 14 15 16 17 18 19 20 21 22 23 24 25 |
---------------+----------------------------------------------------------------------------+-----
Maces & Flails | 3 4 5 6 7 9 10 11 | 11.9
Armour         | 4 6 8 10 13 14 15 16 18 19 20 22 23 | 23.7
Shields        | 4 5 6 7 8 12 14 15 16 17 18 | 18.7
Fighting       | 4 5 6 7 10 12 15 17 18 19 20 22 23 24 26 27 | 27.0
Dodging        | 1 2 5 6 8 10 11 13 15 | 15.7
Axes           | 2 |  2.0
Polearms       | 5 10 11 12 18 19 20 23 | 23.8
Invocations    | 2 4 6 7 8 |  8.0
Evocations     | 2 |  2.0
Slings         | 9 12 | 12.0
Necromancy     | 4 |  4.0

Action                   |  1- 3 |  4- 6 |  7- 9 | 10-12 | 13-15 | 16-18 | 19-21 | 22-24 | 25-27 || total
-------------------------+-------+-------+-------+-------+-------+-------+-------+-------+-------++-------
Melee: Flail             |   153 |   176 |   251 |   157 |       |       |       |       |       ||   737
       Headbutt          |    13 |    23 |    63 |   146 |   308 |   484 |   515 |   413 |    71 ||  2036
       War axe           |       |       |    24 |       |       |       |       |       |       ||    24
       Whip              |       |       |   108 |   161 |       |       |       |       |       ||   269
       Lance             |       |       |       |   332 |   803 |  1628 |  2083 |       |       ||  4846
       Demon whip        |       |       |       |   250 |   583 |       |       |       |       ||   833
       Glaive            |       |       |       |       |       |       |     5 |  1484 |   273 ||  1762
 Fire: Hunting sling     |       |    12 |    13 |       |       |   126 |    44 |       |       ||   195
Throw: Stone             |       |       |       |       |     1 |       |       |       |       ||     1
Invok: Heroism           |       |       |       |       |     4 |     4 |     3 |     6 |       ||    17
       Finesse           |       |       |       |       |     3 |     8 |     3 |     7 |     1 ||    22
Evoke: Wand              |       |       |       |       |     2 |     1 |     3 |     5 |       ||    11
       Phial of floods   |       |       |       |       |     1 |       |       |       |       ||     1
  Use: Scroll            |       |       |     8 |    14 |    12 |     9 |     9 |     2 |     5 ||    59
       Potion            |       |       |       |       |       |     1 |     1 |     4 |     5 ||    11
 Stab: Distracted        |       |       |       |       |     1 |       |     1 |     2 |       ||     4
       Held in net/web   |       |       |       |       |       |     5 |       |       |       ||     5
       Petrifying        |       |       |       |       |       |       |     1 |       |       ||     1
  Eat: Chunk             |     2 |     5 |    15 |    16 |    27 |    16 |    27 |    13 |       ||   121
       Ration            |       |       |     1 |     1 |     5 |     6 |     2 |     8 |     4 ||    27
Armor: Scale mail        |    67 |       |       |       |       |       |       |       |       ||    67
       Ring mail         |     9 |    60 |    66 |       |       |       |       |       |       ||   135
       Gold dragon scale |       |       |     8 |   287 |   314 |   330 |   367 |   970 |   218 ||  2494
Dodge: Dodged            |    68 |    80 |   125 |   138 |   110 |   247 |   226 |   807 |   247 ||  2048
Block: Shield            |    94 |    85 |   177 |   451 |   631 |   854 |   637 |       |       ||  2929
       Reflection        |       |       |       |       |       |       |   101 |       |       ||   101
